 Dungeon Crawl Stone Soup version 0.31-a0-1074-g0b22e4e0f1 (webtiles) character file.

Game seed: 4942182950526440526

21 voltaire321 the Digger (level 2, 0/15 HPs)
             Began as a Deep Elf Earth Elementalist on Nov 27, 2023.
             Slain by a cerulean imp
             ... wielding a +2 spear
             ... summoned by Natasha
              (2 damage)
             ... on level 2 of the Dungeon.
             The game lasted 00:02:00 (870 turns).

voltaire321 the Digger (Deep Elf Earth Elementalist) Turns: 870, Time: 00:02:01

Health: 0/15       AC:  2    Str:  5    XL:     2   Next: 65%
Magic:  6/8        EV: 13    Int: 19    God:
Gold:   48         SH:  0    Dex: 15    Spells: 4/7 levels left

rFire   . . .        f - +2 whip (venom)
rCold   . . .        (no shield)
rNeg    . . .        a - +0 robe
rPois   .            (no helmet)
rElec   .            (no cloak)
rCorr   .            (no gloves)
SInv    .            (no boots)
Will    .....        d - amulet of magic regeneration
Stlth   ++           (no ring)
HPRegen 0.22/turn    (no ring)
MPRegen 0.51/turn

%: no passive effects
@: no status effects
A: no striking features
a: no special abilities


You were on level 2 of the Dungeon.
You visited 1 branch of the dungeon, and saw 2 of its levels.

You collected 48 gold pieces.

Inventory:

Hand Weapons
 f - a +2 whip of venom (weapon)
Armour
 a - a +0 robe (worn)
Jewellery
 d - an amulet of magic regeneration (around neck)
Scrolls
 h - a scroll of identify {unknown}
 i - a scroll of enchant weapon {unknown}
Potions
 b - a potion of magic
 c - 2 potions of curing {unknown}
 e - a potion of resistance {unknown}
 g - 3 potions of heal wounds {unknown}
 j - 2 potions of lignification {unknown}
 k - a potion of mutation {unknown}


   Skills:
 + Level 0.0 Fighting
 + Level 0.2 Armour
 + Level 2.7 Dodging
 + Level 2.8 Stealth
 + Level 3.3 Spellcasting
 + Level 1.5 Transmutations
 + Level 3.5 Earth Magic


You had 4 spell levels left.
You knew the following spells:

 Your Spells              Type           Power      Damage    Failure   Level
a - Sandblast             Erth           32%        2d9       3%          1
b - Passwall              Tmut/Erth      10%        N/A       8%          2

Your spell library contained the following spells:

 Spells                   Type           Power      Damage    Failure   Level
 Stone Arrow              Conj/Erth      18%        3d8       22%         3
 Petrify                  Tmut/Erth      12%        N/A       45%         4
 Brom's Barrelling Bould  Conj/Erth      9%         2d3       56%         4


Dungeon Overview and Level Annotations

Branches:
Dungeon (2/15)

Altars:

Annotations:
D:2 Natasha


Message History

Aiming: Sandblast (safe; 3% risk of failure)
Press: ? - help, Q - select action, (/) - cycle Shift-Dir - straight line, f/p - goblin
Aim: a goblin, wielding a +2 dagger of protection (77% to hit)
The blast of sand hits the goblin.
The goblin is moderately wounded.
The goblin hits you with a +2 dagger of protection.
Aiming: Sandblast (safe; 3% risk of failure)
Press: ? - help, Q - select action, (/) - cycle Shift-Dir - straight line, f/p - goblin
Aim: a goblin, wielding a +2 dagger of protection (moderately wounded, 77% to hit)
The blast of sand hits the goblin but does no damage.
The goblin is moderately wounded.
The goblin closely misses you. x2
Aiming: Sandblast (safe; 3% risk of failure)
Press: ? - help, Q - select action, (/) - cycle Shift-Dir - straight line, f/p - goblin
Aim: a goblin, wielding a +2 dagger of protection (moderately wounded, 77% to hit)
The blast of sand misses the goblin.
The blast of sand hits Natasha.
Natasha is lightly wounded.
The goblin hits you with a +2 dagger of protection.
Aiming: Sandblast (safe; 3% risk of failure)
Press: ? - help, Q - select action, (/) - cycle Shift-Dir - straight line, f/p - goblin
Aim: a goblin, wielding a +2 dagger of protection (moderately wounded, 77% to hit)
The blast of sand hits the goblin.
The goblin is severely wounded.
The goblin hits you with a +2 dagger of protection.
Natasha mumbles some strange words.
The goblin hits you with a +2 dagger of protection.
Aiming: Sandblast (safe; 3% risk of failure)
Press: ? - help, Q - select action, (/) - cycle Shift-Dir - straight line, f/p - goblin
Aim: a goblin, wielding a +2 dagger of protection (severely wounded, 77% to hit)
The blast of sand hits the goblin but does no damage.
The goblin is severely wounded.
The goblin hits you with a +2 dagger of protection.
* * * LOW HITPOINT WARNING * * *
Aiming: Sandblast (safe; 3% risk of failure)
Press: ? - help, Q - select action, (/) - cycle Shift-Dir - straight line, f/p - goblin
Aim: a goblin, wielding a +2 dagger of protection (severely wounded, 77% to hit)
The blast of sand hits the goblin but does no damage.
The goblin is severely wounded.
The cerulean imp hits you from afar with a +2 spear.
You die...

#.#...#.#
#.#####.#
#.#####.#
#.......##
#####....#
#....# #....#
##.#####5...####
#.....@gh.......
########g...####
#.......#
###.....# ......
.....g ......
.....


You could see Natasha, a cerulean imp (summoned) and 2 goblins.

Vanquished Creatures
  5 endoplasms
  2 goblins (D:1)
  A hobgoblin (D:1)
  A ball python (D:1)
  2 bats (D:1)
  6 kobolds (D:1)
  4 rats (D:1)
21 creatures vanquished.

Notes
Turn   | Place    | Note
-------+----------+-------------------------------------------
     0 | D:1      | voltaire321 the Deep Elf Earth Elementalist began the quest
                  | for the Orb.
     0 | D:1      | Reached XP level 1. HP: 10/10 MP: 6/6
   237 | D:1      | Reached XP level 2. HP: 15/15 MP: 2/8
   413 | D:1      | Found a faded altar of an unknown god.
   840 | D:2      | Learned a level 2 spell: Passwall
   861 | D:2      | Noticed Natasha
   870 | D:2      | Slain by a cerulean imp

Illustrated notes

Levels and vault maps discovered:
D:1:      saegor_arrival_fortress, layout_rooms, ebering_ecumenical_altar_mist
D:2:      layout_basic, uniq_natasha

Action                     || total
---------------------------++-------
   Cast: Sandblast         ||    32
 Armour: Robe              ||    10
  Dodge: Dodged            ||     4

Table legend: (Time is in decaauts)
 A = Elapsed time spent in this place.
 B = Non-inter-level travel time spent in this place.
 C = Inter-level travel time spent in this place.
 D = Time resting spent in this place.
 E = Time spent auto-exploring this place.
 F = Levels seen in this place.
 G = Mean time per level.
                   A        B        C        D        E       F      G
               +--------+--------+--------+--------+--------+-----+--------+
         Total |    884 |    815 |     69 |     56 |    616 |   2 |  442.0 |
       Dungeon |    884 |    815 |     69 |     56 |    616 |   2 |  442.0 |
               +--------+--------+--------+--------+--------+-----+--------+

Top non-repeatable levels by time:
     D:1: 846 daAuts
     D:2: 38 daAuts
